 Dungeon Crawl Stone Soup version 0.30-a0-605-gb2882149bf (webtiles) character file.

Game seed: 5955526483091566536

397 pokeman the Magician (level 6, -3/34 HPs)
             Began as a Deep Elf Hedge Wizard on Jan 8, 2023.
             Succumbed to a kobold brigand's curare-tipped dart
             ... in a sewer.
             The game lasted 00:06:08 (2172 turns).

pokeman the Magician (Deep Elf Hedge Wizard)        Turns: 2172, Time: 00:06:08

Health: -3/34      AC:  6    Str:  7    XL:     6   Next: 53%
Magic:  18/18      EV: 13    Int: 21    God:
Gold:   124        SH:  0    Dex: 14    Spells: 11/19 levels left

rFire   . . .      SeeInvis .    s - +1 whip (drain)
rCold   . . .      Faith    .    (no shield)
rNeg    . . .      Spirit   .    b - +0 robe
rPois   .          Reflect  .    c - +0 hat
rElec   .          Harm     .    (no cloak)
rCorr   .          Rampage  .    (no gloves)
Will    .....                    (no boots)
Stlth   +                        m - amulet of magic regeneration
HPRegen 0.25/turn                j - +4 ring of protection
MPRegen 0.56/turn                (no ring)

@: lethally poisoned (-3 -> -34), slowed, very slow
A: no striking features
a: no special abilities


You were in a sewer.
You visited 1 branch of the dungeon, and saw 3 of its levels.
You also visited: Sewer.

You collected 124 gold pieces.

Inventory:

Hand Weapons
 s - a +1 whip of draining (weapon)
Missiles
 o - a curare-tipped dart
Armour
 b - a +0 robe (worn)
 c - a +0 hat (worn)
Jewellery
 j - a +4 ring of protection (left hand)
 m - an amulet of magic regeneration (around neck)
 n - an amulet of faith
Scrolls
 a - a scroll of silence {unknown}
 e - 2 scrolls of noise {unknown}
 h - 2 scrolls of identify {unknown}
 i - a scroll of vulnerability {unknown}
 k - a scroll of immolation {unknown}
 l - 2 scrolls of teleportation {unknown}
 p - a scroll of fear {unknown}
 r - a scroll of enchant weapon {unknown}
 t - a scroll of fog {unknown}
Potions
 d - 2 potions of magic
 f - 2 potions of mutation {unknown}
 g - 2 potions of curing {unknown}
 q - a potion of lignification {unknown}


   Skills:
 + Level 1.5 Fighting
 - Level 1.0 Armour
 - Level 3.2 Dodging
 - Level 3.0 Stealth
 * Level 7.2 Spellcasting
 + Level 3.3 Conjurations
 + Level 1.2 Summonings
 - Level 1.1 Translocations
 - Level 1.0 Air Magic
 - Level 1.3 Poison Magic


You had 11 spell levels left.
You knew the following spells:

 Your Spells              Type           Power      Damage    Failure   Level
a - Magic Dart            Conj           84%        1d7       2%          1
b - Mephitic Cloud        Conj/Pois/Air  15%        N/A       12%         3
c - Call Imp              Summ           13%        N/A       8%          2
d - Blink                 Tloc           24%        N/A       9%          2

Your spell library contained the following spells:

 Spells                   Type           Power      Damage    Failure   Level
 Slow                     Hex            28%        N/A       9%          1
 Cigotuvi's Dreadful Rot  Necr/Pois/Air  20%        N/A       10%         2


Dungeon Overview and Level Annotations

Branches:
Dungeon (3/15)              Sewer (1/1)

Altars:

Shops:
D:2 (


Message History

Confirm with . or Enter, or press ? or * to list all spells.
You can't see any susceptible monsters within range! (Use Z to cast anyway.) Unknown command.
You enter the shallow water.
Moving in this stuff is going to be slow.
You enter the shallow water.
Moving in this stuff is going to be slow.
You enter the shallow water.
Moving in this stuff is going to be slow.
You enter the shallow water.
Moving in this stuff is going to be slow.
You enter the shallow water.
Moving in this stuff is going to be slow.
You enter the shallow water.
Moving in this stuff is going to be slow.
You enter the shallow water.
Moving in this stuff is going to be slow.
You enter the shallow water.
Moving in this stuff is going to be slow.
You enter the shallow water.
Moving in this stuff is going to be slow.
A rat and a kobold brigand come into view.
The kobold brigand is wielding a +0 whip and quivering curare-tipped darts.
The kobold brigand shouts!
The kobold brigand throws a curare-tipped dart.
The curare-tipped dart hits you.
You are poisoned.
You have difficulty breathing.
You feel yourself slow down.
You feel very sick.
The kobold brigand throws a curare-tipped dart.
The curare-tipped dart hits you.
You are more poisoned.
You have difficulty breathing.
You feel as though you will be slow longer.
The kobold brigand throws a curare-tipped dart.
The curare-tipped dart hits you.
You are more poisoned.
You have difficulty breathing.
You feel as though you will be slow longer.
You die...

######### ## ## #.#.#.#.# #. .#
#~#~#~#~# #~ K# #†#~#~#~# #~ ~#
#~#~#~#~# #r#~# #~~.#~~~# ~~.
##.###~## #~# ~# #~# #~# #~# ~#
#~###~# #@###~# #~~~~~# #~~~~~#
##~~~## ##~.~## #.~.# #~~~# #.~.#
#.~~# #.~~## ##.~.# #.~.~##
##.~~~# ### #~~..~#####.~.~~#
#####.~
######~.~.~~~.~~~~~########~~†.~#


You could see a kobold brigand and a rat.

Vanquished Creatures
  3 kobold brigands (Sewer)
  8 adders
  4 river rats
  3 worms (Sewer)
  2 dart slugs (D:2)
  2 orcs (D:3)
  3 bats (D:1)
  6 endoplasms
  3 giant cockroaches
  4 goblins
  3 hobgoblins (D:2)
  10 kobolds
  6 quokkas
  5 ball pythons
  4 frilled lizards
  4 rats
70 creatures vanquished.

Notes
Turn   | Place    | Note
-------+----------+-------------------------------------------
     0 | D:1      | pokeman the Deep Elf Hedge Wizard began the quest for the
                  | Orb.
     0 | D:1      | Reached XP level 1. HP: 10/10 MP: 7/7
   214 | D:1      | Reached XP level 2. HP: 15/15 MP: 5/9
   736 | D:2      | Reached skill level 5 in Spellcasting
   850 | D:2      | Reached XP level 3. HP: 20/20 MP: 7/11
   872 | D:2      | Learned a level 3 spell: Mephitic Cloud
   876 | D:2      | Learned a level 2 spell: Call Imp
   879 | D:2      | Learned a level 2 spell: Blink
   932 | D:2      | Reached skill level 1 in Fighting
   932 | D:2      | Reached skill level 1 in Armour
  1126 | D:2      | Found Hinyuck's Weapon Emporium.
  1365 | D:3      | Reached XP level 4. HP: 24/25 MP: 8/13
  1588 | D:3      | Found a glowing drain.
  1594 | Sewer    | Entered a sewer
  1708 | Sewer    | Noticed a kobold brigand
  1723 | Sewer    | Reached skill level 6 in Spellcasting
  1751 | Sewer    | Killed a kobold brigand
  1752 | Sewer    | Reached XP level 5. HP: 26/29 MP: 15/15
  1794 | Sewer    | Reached skill level 1 in Air Magic
  1805 | Sewer    | Reached XP level 6. HP: 29/34 MP: 15/17
  1840 | Sewer    | Reached skill level 7 in Spellcasting
  1840 | Sewer    | Reached skill level 1 in Poison Magic
  2172 | Sewer    | Succumbed to a kobold brigand's curare-tipped dart

Illustrated notes

Levels and vault maps discovered:
D:1:      nzn_arrival_settlement, layout_rooms
D:2:      layout_rooms, serial_shops, nicolae_shop_advertising_works
          [nicolae_subvault_shop_adworks]
D:3:      minmay_wonky_spiral, layout_loops_ring, gup_sewer_entry_bowl
Sewer:    sewer_co_tree

Skill      XL: |  1  2  3  4  5  6 |
---------------+-------------------+-----
Spellcasting   | 5 6 7 |  7.2
Fighting       | 1 |  1.5
Armour         | 1 |  1.0
Conjurations   | 2 3 |  3.3
Stealth        | 3 |  3.0
Dodging        | 3 |  3.2
Air Magic      | 1 |  1.0
Poison Magic   | 1 |  1.3
Summonings     | |  1.2
Translocations | |  1.1

Action                   |  1- 3 |  4- 6 || total
-------------------------+-------+-------++-------
Melee: Dagger            |     3 |       ||     3
       Whip              |       |    41 ||    41
 Cast: Magic Dart        |    80 |   106 ||   186
       Mephitic Cloud    |       |     6 ||     6
       Blink             |       |     1 ||     1
       Call Imp          |       |     1 ||     1
 Stab: Confused          |       |     5 ||     5
       Sleeping          |       |     1 ||     1
Armor: Robe              |     3 |    18 ||    21
Dodge: Dodged            |    10 |    44 ||    54

Table legend: (Time is in decaauts)
 A = Elapsed time spent in this place.
 B = Non-inter-level travel time spent in this place.
 C = Inter-level travel time spent in this place.
 D = Time resting spent in this place.
 E = Time spent auto-exploring this place.
 F = Levels seen in this place.
 G = Mean time per level.
                   A        B        C        D        E       F      G
               +--------+--------+--------+--------+--------+-----+--------+
         Total |   2300 |   2253 |     47 |      6 |   1635 |   4 |  575.0 |
       Dungeon |   1596 |   1549 |     47 |      0 |   1131 |   3 |  532.0 |
         Sewer |    704 |    704 |      0 |      6 |    504 |   1 |  704.0 |
               +--------+--------+--------+--------+--------+-----+--------+

Top non-repeatable levels by time:
     D:1: 719 daAuts
   Sewer: 704 daAuts
     D:2: 621 daAuts
     D:3: 255 daAuts
